 Dungeon Crawl Stone Soup version 0.29.0-4-gdea44cf6ec (webtiles) character file.

Game seed: 6608355087865841323

236 qw the Chopper (level 6, -2/35 HPs)
             Began as a Tengu Warper on Aug 28, 2022.
             Slain by Grinder (4 damage)
             ... on level 3 of the Dungeon.
             The game lasted 00:00:17 (2744 turns).

qw the Chopper (Tengu Warper)                       Turns: 2744, Time: 00:00:18

Health: -2/35      AC:  9    Str: 14    XL:     6   Next: 6%
Magic:  10/10      EV:  8    Int: 13    God:
Gold:   162        SH:  0    Dex: 13    Spells: 9/9 levels left

rFire   . . .      SeeInvis .   b - +0 war axe
rCold   . . .      Faith    .   (no shield)
rNeg    . . .      Spirit   .   a - +0 chain mail
rPois   .          Reflect  .   (helmet restricted)
rElec   .          Harm     .   (no cloak)
rCorr   .          Rampage  .   (no gloves)
Will    .....                   (boots unavailable)
Stlth   ..........              (no amulet)
HPRegen 0.11/turn               (no ring)
MPRegen 0.12/turn               (no ring)

@: flying quickly and evasively, quick
A: beak, talons 3, nimble flight
a: no special abilities


You were on level 3 of the Dungeon.
You visited 1 branch of the dungeon, and saw 3 of its levels.
You also visited: Sewer.

You collected 162 gold pieces.


Innate Abilities, Weirdness & Mutations

You have a beak for a mouth.
You have claws for feet.
Your magical nature lets you fly swiftly and evasively.


   Skills:
 - Level 2.0 Fighting
 + Level 6.1 Axes
 - Level 1.0 Throwing
 - Level 2.9 Armour
 - Level 2.1 Dodging
 - Level 2.0 Spellcasting
 - Level 2.4 Translocations


You had 9 spell levels left.
You didn't know any spells.
Your spell library contained the following spells:

 Spells                   Type           Power      Damage    Failure   Level
 Blink                    Tloc           14%        N/A       98%         2
 Gell's Gravitas          Tloc           7%         N/A       100%        3
 Lesser Beckoning         Tloc           7%         N/A       100%        3
 Teleport Other           Tloc           7%         N/A       100%        3
 Manifold Assault         Tloc           7%         N/A       100%        5

Inventory:

Hand Weapons
 b - a +0 war axe (weapon)
 g - a +0 whip
Armour
 a - a +0 chain mail (worn)
Jewellery
 k - a +6 ring of dexterity
Scrolls
 c - 2 scrolls of identify
Potions
 d - a potion of brilliance {unknown}
 e - a potion of haste
 f - a potion of cancellation {unknown}
 h - a potion of resistance {unknown}
 i - a potion of degeneration {unknown}
 j - a potion of berserk rage {unknown}

Dungeon Overview and Level Annotations

Branches:
Dungeon (3/15)              Sewer (visited)

Altars:
Sif Muna

Shops:
D:2 =

Annotations:
D:3 Grinder


Message History

Enter note: You slash the worm!
Your kick misses the worm.
The worm is heavily wounded.
The worm bites you but does no damage.
You hit the worm. You claw the worm.
The worm is severely wounded.
You barely miss the worm. You claw the worm.
You kill the worm!
Found a potion of lignification.
You see here a potion of lignification.
c - 2 scrolls of identify (gained 1)
A dart slug comes into view.
Enter note: The dart slug barely misses you.
You hit the dart slug but do no damage. You peck the dart slug.
The dart slug is lightly wounded.
The dart slug barely misses you.
You slash the dart slug! You claw the dart slug.
You kill the dart slug!
Grinder comes into view.
Grinder shouts!
You see here the +1 ring mail of Thoughtfulness {MP+9}.
You hit Grinder.
Grinder is lightly wounded.
Grinder closely misses you. x2
You slash Grinder! You peck Grinder, but do no damage.
Grinder is heavily wounded.
Grinder gestures at you. Pain shoots through your body!
You slash Grinder! Your kick misses Grinder. Your peck misses Grinder.
Grinder is severely wounded.
Grinder hits you!
You writhe in agony.
You hit Grinder but do no damage. You claw Grinder, but do no damage.
Grinder is severely wounded.
Grinder gestures at you. Pain shoots through your body!
You barely miss Grinder. You claw Grinder.
Grinder is severely wounded.
Grinder hits you.
You writhe in agony.
You die...

#########
#5@..[..#
.......#####.#
##.#### #.#
######.#######
#............#
##.###...####.#
.......#....#.#
##.###...##.#.#
#..###.#.#


You could see Grinder.

Vanquished Creatures
  2 kobold brigands (Sewer)
  2 adders (D:2)
  A river rat (D:3)
  2 worms
  A dart slug (D:3)
  An orc (D:2)
  8 endoplasms
  3 giant cockroaches
  2 goblins
  3 hobgoblins
  A quokka (D:1)
  6 ball pythons
  8 bats
  3 frilled lizards
  15 kobolds
  10 rats
68 creatures vanquished.

Vanquished Creatures (others)
  5 plants (Sewer)
5 creatures vanquished.

Grand Total: 73 creatures vanquished

Notes
Turn   | Place    | Note
-------+----------+-------------------------------------------
     0 | D:1      | qw the Tengu Warper began the quest for the Orb.
     0 | D:1      | Reached XP level 1. HP: 12/12 MP: 4/4
     0 | D:1      | 0 ||| qw: Version: 0.1-a-89-g26bdef1
     0 | D:1      | 0 ||| qw: Game counter: 2789
     0 | D:1      | 0 ||| qw: Always use a shield: true
     0 | D:1      | 0 ||| qw: God list: Okawaru
     0 | D:1      | 0 ||| qw: Allow faded altars: false
     0 | D:1      | 0 ||| qw: Do Orc after D:15 true
     0 | D:1      | 0 ||| qw: Do second Lair branch before Depths: true
     0 | D:1      | 0 ||| qw: Lair rune preference: random
     0 | D:1      | 0 ||| qw: Plans: Normal
     0 | D:1      | 0 ||| PLANNING D:1-11
   126 | D:1      | Reached XP level 2. HP: 11/17 MP: 6/6
   249 | D:1      | Reached skill level 3 in Axes
   437 | D:1      | 437 ||| Stepping ~*~*~tactically~*~*~ (stealth).
   441 | D:1      | 441 ||| Stepping ~*~*~tactically~*~*~ (stealth).
   442 | D:1      | 442 ||| Stepping ~*~*~tactically~*~*~ (stealth).
   610 | D:1      | Found a faded altar of an unknown god.
   927 | D:1      | 927 ||| READING scroll labelled HAXAES ANUARAU.
   928 | D:1      | 928 ||| READING scroll labelled LAEBO MEUFE.
   929 | D:1      | 929 ||| READING scroll labelled INAGRI QIQEARO.
   930 | D:1      | 930 ||| DRINKING 2 sedimented amethyst potions.
   931 | D:1      | 931 ||| DROPPING scroll of blinking.
   932 | D:1      | 932 ||| DROPPING potion of magic.
   941 | D:2      | 941 ||| STAIRDANCE
  1118 | D:2      | Found Xachuexo's Jewellery Shoppe.
  1139 | D:2      | 1139 ||| SHOPLISTING +4 ring of slaying (780 gold, have
                  | 75).
  1139 | D:2      | 1139 ||| SHOPLISTING amulet of the acrobat (300 gold, have
                  | 75).
  1139 | D:2      | 1139 ||| SHOPLISTING ring of fire (250 gold, have 75).
  1139 | D:2      | 1139 ||| SHOPLISTING ring of positive energy (200 gold,
                  | have 75).
  1139 | D:2      | 1139 ||| SHOPLISTING ring of willpower (250 gold, have 75).
  1172 | D:2      | Reached XP level 3. HP: 20/21 MP: 7/7
  1295 | D:2      | 1295 ||| FLEEEEING.
  1296 | D:2      | 1296 ||| FLEEEEING.
  1297 | D:2      | 1297 ||| FLEEEEING.
  1298 | D:2      | 1298 ||| FLEEEEING.
  1299 | D:2      | 1299 ||| FLEEEEING.
  1300 | D:2      | 1300 ||| FLEEEEING.
  1301 | D:2      | 1301 ||| FLEEEEING.
  1302 | D:2      | 1302 ||| FLEEEEING.
  1303 | D:2      | 1303 ||| FLEEEEING.
  1304 | D:2      | 1304 ||| FLEEEEING.
  1305 | D:2      | 1305 ||| FLEEEEING.
  1306 | D:2      | 1306 ||| FLEEEEING.
  1307 | D:2      | 1307 ||| STAIRDANCE
  1357 | D:1      | 1357 ||| UPGRADING to +0 ring mail.
  1367 | D:1      | 1367 ||| DROPPING +0 leather armour.
  1368 | D:1      | 1368 ||| READING scroll labelled TOONNA KENGEI.
  1371 | D:2      | 1371 ||| STAIRDANCE
  1380 | D:2      | Reached skill level 4 in Axes
  1397 | D:2      | 1397 ||| SWAPPING to +0 war axe.
  1398 | D:2      | 1398 ||| DROPPING +0 hand axe.
  1558 | D:2      | Found a shimmering blue altar of Sif Muna.
  1695 | D:2      | 1695 ||| UPGRADING to +0 chain mail.
  1705 | D:2      | 1705 ||| DROPPING +0 ring mail.
  1706 | D:2      | 1706 ||| READING 2 scrolls of identify.
  1706 | D:2      | 1706 ||| IDENTIFYING coppery potion
  1707 | D:2      | 1707 ||| DROPPING potion of lignification.
  1716 | D:3      | 1716 ||| PLANNING SEWER
  1719 | D:3      | 1719 ||| Stepping ~*~*~tactically~*~*~ (stealth).
  1745 | D:3      | Reached XP level 4. HP: 26/26 MP: 8/8
  1862 | D:3      | Found a glowing drain.
  1864 | D:3      | 1864 ||| READING 2 scrolls of identify.
  1864 | D:3      | 1864 ||| IDENTIFYING murky brown potion
  1865 | D:3      | 1865 ||| DROPPING potion of ambrosia.
  1878 | Sewer    | Entered a sewer
  2084 | Sewer    | Noticed a kobold brigand
  2086 | Sewer    | Reached skill level 5 in Axes
  2090 | Sewer    | Killed a kobold brigand
  2091 | Sewer    | Gained mutation: Your magical nature lets you fly swiftly
                  | and evasively. [Tengu growth]
  2091 | Sewer    | Reached XP level 5. HP: 16/30 MP: 9/9
  2263 | Sewer    | 2263 ||| DROPPING +0 club.
  2299 | Sewer    | Noticed a kobold brigand
  2307 | Sewer    | Reached skill level 6 in Axes
  2307 | Sewer    | Killed a kobold brigand
  2308 | Sewer    | Reached XP level 6. HP: 26/35 MP: 10/10
  2459 | Sewer    | 2459 ||| DRINKING 3 fuming red potions.
  2460 | Sewer    | 2460 ||| DRINKING 2 metallic emerald potions.
  2461 | Sewer    | 2461 ||| DROPPING 2 potions of invisibility.
  2476 | D:3      | 2476 ||| PLANNING D:1-11
  2520 | D:3      | 2520 ||| Stepping ~*~*~tactically~*~*~ (stealth).
  2526 | D:3      | 2526 ||| Stepping ~*~*~tactically~*~*~ (stealth).
  2736 | D:3      | Identified the +1 ring mail of Thoughtfulness {MP+9}
  2736 | D:3      | Noticed Grinder
  2743 | D:3      | HP: 6/35 [Grinder/nerve-wracking pain (7)]
  2744 | D:3      | HP: 2/35 [Grinder (4)]
  2744 | D:3      | Slain by Grinder

Levels and vault maps discovered:
D:1:      scummos_arrival_forest, layout_loops_ring,
          shapermc_ecumenical_altar_hornbeckon, chequers_serial_rivers_micro_b,
          minmay_misc_feat_encased
D:2:      layout_rooms, serial_shops, nicolae_shop_advertising_works
          [nicolae_subvault_shop_adworks], basic_altar, minmay_heptomino_l4
D:3:      layout_loops_ring, cheibrodos_sewer_entry_sluice, uniq_grinder

Skill      XL: |  1  2  3  4  5 |
---------------+----------------+-----
Axes           | 3 4 5 6 |  6.1
Armour         | 2 |  2.9
Fighting       | |  2.0
Throwing       | |  1.0
Dodging        | |  2.1
Spellcasting   | |  2.0
Translocations | |  2.4

Action                   |  1- 3 |  4- 6 || total
-------------------------+-------+-------++-------
Melee: Hand axe          |    46 |       ||    46
       Kick              |    20 |    18 ||    38
       Peck              |    10 |     4 ||    14
       War axe           |    20 |    56 ||    76
Throw: Boomerang         |     7 |       ||     7
  Use: Scroll            |     5 |     1 ||     6
       Potion            |     1 |     2 ||     3
Armor: Leather armour    |     6 |       ||     6
       Ring mail         |     6 |       ||     6
       Chain mail        |     3 |    19 ||    22
Dodge: Dodged            |    21 |    20 ||    41

Table legend:
 A = Non-vault XP
 B = Vault XP
 C = Vault XP percentage of total XP
 D = Non-vault monster count
 E = Vault monster count
 F = Vault count percentage of total count
                 A         B        C        D         E       F
            +---------+---------+-------+---------+---------+-------
      Total |      96 |     242 |  71.6 |      41 |      27 |  39.7
            +---------+---------+-------+---------+---------+-------
        D:1 |      27 |       0 |   0.0 |      17 |       0 |   0.0
        D:2 |      49 |       1 |   2.0 |      15 |       1 |   6.2
        D:3 |      20 |      15 |  42.9 |       9 |       3 |  25.0
      Sewer |       0 |     226 | 100.0 |       0 |      23 | 100.0
            +---------+---------+-------+---------+---------+-------
